 Dungeon Crawl Stone Soup version 0.20-a0-1000-g0e8f6bb (webtiles) character file.

6 Rrauwl the Skirmisher (level 1, -2/22 HPs)
             Began as a Bultungin Monk on Apr 11, 2017.
             Slain by a kobold
             ... wielding a +0 short sword
              (8 damage)
             ... on level 1 of the Dungeon.
             The game lasted 00:01:30 (114 turns).

Rrauwl the Skirmisher (Bultungin Monk)               Turns: 114, Time: 00:01:31

Health: -2/22      AC:  2    Str: 10    XL:     1   Next: 90%
Magic:  2/2        EV: 16    Int: 10    God:
Gold:   11         SH:  0    Dex: 18    Spells: 2/2 levels left

rFire    + . .     SeeInvis +   g - -2 spear (curse)
rCold    . . .     Gourm    .   (no shield)
rNeg     . . .     Faith    .   a - +0 robe
rPois    .         Spirit   .   (no helmet)
rElec    .         Reflect  .   (no cloak)
rCorr    .         Harm     .   (no gloves)
MR       .....                  (no boots)
Stlth    +++.......             (no amulet)
Regen    0.1/turn               (no ring)
MPRegen  0.1/turn               (no ring)

@: no status effects
A: short attention span, fangs 1, see invisible, agile 1, fire resistance 1,
wild magic 1, sturdy frame 1, strong nose
a: no special abilities


You were on level 1 of the Dungeon.
You were not hungry.

You visited 1 branch of the dungeon, and saw 1 of its levels.

You collected 11 gold pieces.

Inventory:

Hand Weapons
 g - a cursed -2 spear (weapon)
Armour
 a - a +0 robe (worn)
Potions
 d - a potion of mutation
Comestibles
 b - a bread ration
 c - a royal jelly
 f - 4 chunks of flesh


   Skills:
 + Level 5.9 Fighting
 + Level 0.8 Armour
 + Level 5.8 Dodging
 + Level 5.4 Stealth
 + Level 1.3 Spellcasting


You had 2 spell levels left.
You didn't know any spells.

Dungeon Overview and Level Annotations

Branches:
Dungeon (1/15)

Altars:


Innate Abilities, Weirdness & Mutations

You have a short attention span.
You have very sharp teeth.
You have supernaturally acute eyesight. (SInv)
Your uncanny sense of smell can sniff out nearby items.
You are agile. (Dex +2)
Your flesh is heat resistant. (rF+)
Your spells are a little harder to cast, but a little more powerful.
Your movements are slightly less encumbered by armour. (ER -2)


Message History

You hit the kobold but do no damage.
The kobold is moderately wounded.
The kobold barely misses you.
You hit the kobold but do no damage.
The kobold is moderately wounded.
The kobold barely misses you.
You hit the kobold but do no damage.
The kobold is moderately wounded.
The kobold hits you but does no damage. The kobold hits you with a short sword!
* * * LOW HITPOINT WARNING * * *
You are too injured to fight recklessly!
You are too injured to fight recklessly!
You are too injured to fight recklessly!
You are too injured to fight recklessly!
You are too injured to fight recklessly!
You are too injured to fight recklessly!
You are too injured to fight recklessly!
You closely miss the kobold. Your bite misses the kobold.
The kobold hits you with a short sword!
You die...

..............#'####
.####.#.##..#'#....# .#
#.#.#####.#....#
.####.#.############
..##....##.....#.#
#............#.#.##
#.##....##.###....##
#.###.#.##.###.#.#.#####
..# #.#.##......@.......
.####.#.##.###.#K#.#####
. ##..............## .
#........###.#.## .
#..#####.# #.#.# . #..#
# #.#.# ...# #.# ...##
..# #.##


You could see a kobold.

Vanquished Creatures
  A dart slug (D:1)
  A giant cockroach (D:1)
  A hobgoblin (D:1)
  A ball python (D:1)
4 creatures vanquished.

Notes
Turn   | Place    | Note
-------+----------+-------------------------------------------
     0 | D:1      | Rrauwl the Bultungin Monk began the quest for the Orb.
     0 | D:1      | Reached XP level 1. HP: 22/22 MP: 1/1
    56 | D:1      | Reached skill level 1 in Spellcasting
    69 | D:1      | Gained mutation: Your spells are a little harder to cast, but a little more powerful. [potion of mutation]
    69 | D:1      | Gained mutation: Your movements are slightly less encumbered by armour. (ER -2) [potion of mutation]
    69 | D:1      | Gained mutation: You are agile. (Dex +2) [potion of mutation]
    69 | D:1      | Gained mutation: Your flesh is heat resistant. (rF+) [potion of mutation]
   114 | D:1      | Slain by a kobold

Vault maps used:
D:1:      dpeg_arrival_short_road, roderic_roman_lattice

Skill      XL: |  1 |
---------------+----+-----
Spellcasting   | 1 |  1.3
Fighting       | |  5.9
Armour         | |  0.8
Dodging        | |  5.8
Stealth        | |  5.4

Action                   || total
-------------------------++-------
Melee: Spear             ||    17
       Unarmed           ||    17
       Bite              ||     4
  Use: Scroll            ||     2
       Potion            ||     1
 Stab: Sleeping          ||     4
Armor: Robe              ||     2
Dodge: Dodged            ||    20
